 Dungeon Crawl Stone Soup version 0.17.1-2-g5865329 (webtiles) character file.

128 FortyThree the Cutter (level 4, -6/23 HPs)
             Began as a Spriggan Berserker on Feb 8, 2016.
             Was a Believer of Trog.
             Killed from afar by an orc wizard (11 damage)
             ... with a puff of flame
             ... on level 3 of the Dungeon.
             The game lasted 00:03:35 (2871 turns).

FortyThree the Cutter (Spriggan Berserker)          Turns: 2871, Time: 00:03:35

Health: -6/23      AC:  2    Str: 14    XL:     4   Next: 87%
Magic:  5/5        EV: 20    Int:  8    God:    Trog [**....]
Gold:   119        SH:  0    Dex: 19    Spells: 0 memorised, 3 levels left

rFire  . . .     SeeInvis +     s - +0 rapier
rCold  . . .     Clarity  .     b - +0 animal skin
rNeg   . . .     SustAt   .     (shield restricted)
rPois  +         Gourm    .     (helmet restricted)
rElec  .         Spirit   .     (no cloak)
rCorr  .         Warding  .     (gloves unavailable)
rMut   .         Stasis   .     (boots unavailable)
MR     .....                    (no amulet)
Stlth  ++........               o - ring of poison resistance
                                l - +4 ring of dexterity

@: very quick, not resistant to hostile enchantments, unstealthy
A: unfitting armour, see invisible, herbivore 3, speed 3, slow metabolism 2
a: Berserk, Trog's Hand, Burn Spellbooks, Renounce Religion


You were on level 3 of the Dungeon.
You worshipped Trog.
Trog was pleased with you.
You were full.

You visited 1 branch of the dungeon, and saw 3 of its levels.

You collected 119 gold pieces.

Inventory:

Hand Weapons
 a - a +0 short sword
 s - a +0 rapier (weapon)
Armour
 b - a +0 animal skin (worn)
Jewellery
 l - a +4 ring of dexterity (left hand)
 o - a ring of poison resistance (right hand)
 q - a cursed amulet of inaccuracy {unknown}
Scrolls
 e - a scroll of fog {unknown}
 f - 2 scrolls of remove curse {unknown}
 g - 4 scrolls of identify {unknown}
 j - a scroll of amnesia {unknown}
 m - a scroll of magic mapping {unknown}
 n - a scroll of enchant weapon {unknown}
 p - a scroll of random uselessness {unknown}
 u - a scroll of blinking {unknown}
Potions
 c - a potion of agility {unknown}
 d - 2 potions of lignification {unknown}
 h - a potion of degeneration {unknown}
 i - a potion of might {unknown}
 k - a potion of brilliance {unknown}
 r - a potion of resistance {unknown}
 t - a potion of ambrosia {unknown}


   Skills:
 - Level 2.4 Fighting
 + Level 6.2 Short Blades
 - Level 4.4 Dodging


You had 3 spell levels left.
You didn't know any spells.

Dungeon Overview and Level Annotations

Branches:
Dungeon (3/15)

Altars:
Trog


Innate Abilities, Weirdness & Mutations

You are tiny and cannot use many weapons and most armour.
You have supernaturally acute eyesight.
You are a herbivore.
You cover ground extremely quickly.
You need consume almost no food.


Message History

You hit the orc priest.
The orc priest is severely wounded.
The giant cockroach bites you.
* * * LOW HITPOINT WARNING * * *
The orc wizard hits you but does no damage.
The orc priest misses you.
The giant newt moves out of view.
You hit the orc priest.
The orc priest is almost dead.
The giant cockroach barely misses you. The orc wizard barely misses you.
You completely miss the orc priest.
The orc priest is almost dead.
The giant cockroach completely misses you.
The orc priest casts a cantrip, but nothing happens.
The orc wizard misses you. The giant cockroach barely misses you.
You hit the orc priest.
The orc priest is almost dead.
The orc priest casts a cantrip, but nothing happens.
The orc wizard casts a spell at you. The puff of flame hits you!
You die...

.#........###.###)
.#.##....## #.#.. .
.#.##....# #.#.# ##.#
.#.####.## #.#.###....
.#.# .>.# #.......##.
.#.#
.....#####.#......
...##.............###.
...............o###
.#####%..###..oo@# .#
.......†s)#####.# ##
#####...........#
##...#.#####...
##.##.# #.##.# #.##.#
#.##.# #.....


You could see an orc priest, an orc wizard, an orc and a giant cockroach.

Vanquished Creatures
  A crimson imp (D:3)
  4 adders
  2 oozes
  5 worms
  An orc (D:3)
  2 giant cockroaches (D:3)
  4 hobgoblins
  4 bats
  A giant gecko (D:2)
  3 giant newts
  5 goblins
  2 kobolds
  9 rats
43 creatures vanquished.

Notes
Turn   | Place    | Note
--------------------------------------------------------------
     0 | D:1      | FortyThree the Spriggan Berserker began the quest for the Orb.
     0 | D:1      | Reached XP level 1. HP: 11/11 MP: 2/2
   635 | D:1      | Reached XP level 2. HP: 13/16 MP: 3/3
  1458 | D:2      | Reached XP level 3. HP: 19/19 MP: 4/4
  1659 | D:2      | Reached skill level 5 in Short Blades
  1827 | D:2      | Reached ** piety under Trog
  2063 | D:2      | Noticed a moth of wrath
  2065 | D:2      | Found a bloodstained altar of Trog.
  2118 | D:2      | Reached XP level 4. HP: 10/23 MP: 5/5
  2702 | D:3      | Reached skill level 6 in Short Blades
  2871 | D:3      | Killed from afar by an orc wizard

Action                   |  1- 3 |  4- 6 || total
-------------------------+-------+-------++-------
Melee: Short sword       |   163 |       ||   163
       Rapier            |       |    56 ||    56
Invok: Berserk           |     1 |       ||     1
 Stab: Sleeping          |     5 |     1 ||     6
  Eat: Bread ration      |       |     1 ||     1
